 Dungeon Crawl Stone Soup version 0.29-a0-819-g94b489e0ae (webtiles) character file.

Game seed: 10331683048382720738

14 porpoise the Sneak (level 2, -1/24 HPs)
             Began as a Demonspawn Delver on July 7, 2022.
             Succumbed to a kobold's poison
             ... on level 1 of the Dungeon.
             The game lasted 00:02:51 (403 turns).

porpoise the Sneak (Demonspawn Delver)               Turns: 403, Time: 00:02:51

Health: -1/24      AC:  3    Str: 12    XL:     2   Next: 31%
Magic:  2/2        EV: 11    Int: 11    God:
Gold:   20         SH:  0    Dex: 14    Spells: 1/1 levels left

rFire   . . .      SeeInvis .   a - +0 spear
rCold   . . .      Faith    .   (no shield)
rNeg    . . .      Spirit   .   b - +0 leather armour
rPois   .          Reflect  .   (no helmet)
rElec   .          Harm     .   (no cloak)
rCorr   .          Rampage  .   (no gloves)
Will    .....                   (no boots)
Stlth   ++........              (no amulet)
HPRegen 0.08/turn               (no ring)
MPRegen 0.08/turn               (no ring)

@: lethally poisoned (-1 -> -16), hasted, very quick
A: claws 1
a: no special abilities


You were on level 1 of the Dungeon.
You visited 1 branch of the dungeon, and saw 5 of its levels.

You collected 20 gold pieces.

Inventory:

Hand Weapons
 a - a +0 spear (weapon)
Armour
 b - a +0 leather armour (worn)
Wands
 g - a wand of digging (3)
Scrolls
 c - a scroll of fog
 d - a scroll of magic mapping
 e - a scroll of fear
 h - a scroll of noise {unknown}
 i - a scroll of summoning {unknown}


   Skills:
 + Level 3.2 Fighting
 - Level 2.3 Polearms
 - Level 1.7 Dodging
 - Level 4.5 Stealth
 * Level 0.3 Unarmed Combat


You had one spell level left.
You didn't know any spells.
Your spell library contained the following spells:

 Spells                   Type           Power      Damage    Failure   Level
 Magic Dart               Conj           0%         1d3       41%         1
 Call Imp                 Summ           0%         N/A       56%         2
 Mephitic Cloud           Conj/Pois/Air  0%         N/A       80%         3


Dungeon Overview and Level Annotations

Branches:
Dungeon (5/15)
 Temple: D:4-7

Altars:


Innate Abilities, Weirdness & Mutations

You have sharp fingernails.


Message History

The kobold misses you.
You hit the kobold.
You kill the kobold!
You hit the endoplasm.
The endoplasm is lightly wounded.
The endoplasm freezes you.
You are frozen.
You hit the endoplasm.
The endoplasm is almost dead.
The endoplasm hits you.
You hit the endoplasm.
You kill the endoplasm!
You closely miss the kobold. The kobold barely misses you.
You closely miss the kobold. The kobold hits you but does no damage.
You are poisoned.
You hit the kobold but do no damage.
You feel sick. The kobold barely misses you.
You barely miss the kobold.
You feel sick. The kobold misses you.
You closely miss the kobold.
You feel sick. The kobold closely misses you.
You completely miss the kobold.
You feel sick.
The kobold hits you with a +1 dagger of venom.
You closely miss the kobold.
You feel sick.
You completely miss the kobold. Your claw misses the kobold.
You feel sick. The kobold hits you but does no damage.
You are more poisoned.
You hit the kobold.
The kobold is severely wounded.
* * * LOW HITPOINT WARNING * * *
You feel sick.
The kobold hits you with a +1 dagger of venom.
* * * LOW HITPOINT WARNING * * *
You are more poisoned.
You feel yourself speed up.
* * * LOW HITPOINT WARNING * * *
You feel very sick.
The kobold hits you with a +1 dagger of venom.
* * * LOW HITPOINT WARNING * * *
You barely miss the kobold.
The kobold is moderately wounded.
You die...

.....# ..###########
.##≈≈≈≈≈≈≈..## ##
≈#≈≈≈≈≈≈≈≈# # ##≈≈≈≈≈..#
## ##≈≈≈≈≈.#
.#######≈≈†..#
........≈≈≈≈.#########..
.......†≈≈)≈....@K......
........≈≈≈≈.########...
........≈.≈≈.##
........≈≈≈≈..#######
#######..≈≈≈........#
#.≈.≈≈........#
#.≈≈≈≈≈....)..#
#.≈≈≈≈........#
#.≈≈≈≈.......##


You could see a kobold.

Vanquished Creatures
  4 endoplasms
  2 goblins (D:1)
  2 kobolds
  3 bats (D:1)
  A rat (D:2)
12 creatures vanquished.

Notes
Turn   | Place    | Note
-------+----------+-------------------------------------------
     0 | D:5      | porpoise the Demonspawn Delver began the quest for the Orb.
     0 | D:5      | Reached XP level 1. HP: 18/18 MP: 1/1
    18 | D:5      | Noticed an ogre
   320 | D:1      | Gained mutation: You have sharp fingernails. [demonic
                  | ancestry]
   320 | D:1      | Reached XP level 2. HP: 23/24 MP: 2/2
   402 | D:1      | HP: 1/24 [kobold/+1 dagger of venom (2)]
   403 | D:1      | Succumbed to a kobold's poison

Illustrated notes

Levels and vault maps discovered:
D:1:      psy_arrival_fountain, layout_basic, chequers_serial_rivers_large_a,
          minmay_statues_item
D:2:      layout_rooms, ebering_ecumenical_altar_sacrificial, serial_shops, shop
D:3:      layout_basic, nicolae_overflow_hallway_of_the_gods, chequers_big_river
D:4:      layout_basic, dreamdust_princess_corridor, uniq_robin, uniq_grinder
D:5:      layout_loops_ring

Skill      XL: |  1 |
---------------+----+-----
Polearms       | 2 |  2.3
Fighting       | |  3.2
Dodging        | |  1.7
Stealth        | |  4.5
Unarmed Combat | |  0.3

Action                   || total
-------------------------++-------
Melee: Spear             ||    55
  Use: Potion            ||     1
 Stab: Sleeping          ||     2
Armor: Leather armour    ||    14
Dodge: Dodged            ||    27

Table legend: (Time is in decaauts)
 A = Elapsed time spent in this place.
 B = Non-inter-level travel time spent in this place.
 C = Inter-level travel time spent in this place.
 D = Time resting spent in this place.
 E = Time spent auto-exploring this place.
 F = Levels seen in this place.
 G = Mean time per level.
                   A        B        C        D        E       F      G
               +--------+--------+--------+--------+--------+-----+--------+
         Total |    410 |    410 |      0 |     59 |    114 |   5 |   82.0 |
       Dungeon |    410 |    410 |      0 |     59 |    114 |   5 |   82.0 |
               +--------+--------+--------+--------+--------+-----+--------+

Top non-repeatable levels by time:
     D:1: 244 daAuts
     D:3: 76 daAuts
     D:4: 34 daAuts
     D:5: 29 daAuts
     D:2: 24 daAuts
